 Dungeon Crawl Stone Soup version 0.30-a0-918-g0ff054e9dc (webtiles) character file.

Game seed: 4011595972206042338

9481 SuperDerp the Fighter (level 11, -3/94 HPs)
             Began as a Human Fighter on Mar 15, 2023.
             Was a Priest of Fedhas.
             Slain by a slime creature (14 damage)
             ... on level 13 of the Dungeon on Mar 20, 2023.
             The game lasted 01:02:07 (9857 turns).

SuperDerp the Fighter (Human Fighter)               Turns: 9857, Time: 01:02:07

Health: -3/94      AC: 17    Str: 24    XL:     11   Next: 75%
Magic:  14/14      EV: 23    Int: 10    God:    Fedhas [***...]
Gold:   409        SH:  0    Dex: 14    Spells: 12/12 levels left

rFire   . . .      SeeInvis +    z - +2 dire flail (protect)
rCold   . . .      Faith    .    (shield currently unavailable)
rNeg    . . .      Spirit   .    u - +0 plate armour
rPois   .          Reflect  .    A - +0 helmet
rElec   .          Rampage  .    m - +0 cloak
rCorr   .                        n - +0 pair of gloves
Will    .....                    (no boots) Stlth
                                 C - amulet of the acrobat
HPRegen 0.35/turn                M - ring of see invisible
MPRegen 0.14/turn                v - +6 ring of strength

@: acrobatic
A: no striking features
a: Renounce Religion, Wall of Briars, Grow Ballistomycete


You were on level 13 of the Dungeon.
You worshipped Fedhas.
Fedhas was most pleased with you.
You visited 1 branch of the dungeon, and saw 13 of its levels.

You collected 569 gold pieces.
You spent 160 gold pieces at shops.

Inventory:

Hand Weapons
 b - the +5 dagger "Trog's Indignation" {vamp, Str+3}
   (You found it on level 10 of the Dungeon)

   Str:       It affects your strength (+3).
 c - a +4 hand axe
 p - the +9 sling of the Pits of Slime {freeze, Str+3}
   (You found it on level 3 of the Dungeon)

   Str:       It affects your strength (+3).
 r - a +2 flail of holy wrath
 z - a +2 dire flail of protection (weapon)
Missiles
 q - 2 throwing nets (quivered)
 G - 2 curare-tipped darts
 H - 18 poisoned darts
Armour
 a - +0 acid dragon scales
 m - a +0 cloak (worn)
 n - a +0 pair of gloves (worn)
 u - a +0 plate armour (worn)
 A - a +0 helmet (worn)
 P - a +0 troll leather armour
Jewellery
 s - a ring of flight
 v - a +6 ring of strength (right hand)
 C - an amulet of the acrobat (around neck)
 M - a ring of see invisible (left hand)
 O - a ring of wizardry
Wands
 E - a wand of flame (19)
 L - a wand of paralysis (6)
Scrolls
 e - a scroll of immolation {unknown}
 f - a scroll of fog {unknown}
 g - a scroll of fear {unknown}
 h - 2 scrolls of poison
 i - 3 scrolls of magic mapping
 l - a scroll of vulnerability {unknown}
 w - a scroll of torment {unknown}
 y - 2 scrolls of enchant armour {unknown}
 I - a scroll of acquirement {unknown}
 Q - a scroll of teleportation
Potions
 d - 2 potions of might
 j - 2 potions of haste
 k - 5 potions of curing
 o - a potion of berserk rage {unknown}
 t - 2 potions of attraction
 x - 2 potions of lignification {unknown}
 B - a potion of invisibility {unknown}
 D - 3 potions of flight
 F - a potion of magic {unknown}
 J - a potion of resistance {unknown}
 K - a potion of ambrosia {unknown}
 R - a potion of degeneration {unknown}
Miscellaneous
 N - a lightning rod (inert)


   Skills:
 + Level 11.6 Fighting
 - Level 2.8 Long Blades
 - Level 6.4 Maces & Flails
 + Level 3.8 Throwing
 - Level 7.0 Armour
 - Level 3.0 Dodging
 - Level 4.0 Shields
 - Level 1.2 Spellcasting
 - Level 4.0 Invocations
 - Level 7.0 Evocations


You had 12 spell levels left.
You didn't know any spells.
Your spell library contained the following spells:

 Spells                   Type           Power      Damage    Failure   Level
 Magic Dart               Conj           0%         1d3       99%         1
 Shock                    Conj/Air       0%         1d3       99%         1
 Searing Ray              Conj           0%         2d4       100%        2
 Frozen Ramparts          Ice            0%         1d1       100%        3
 Portal Projectile        Hex/Tloc       0%         N/A       100%        3
 Swiftness                Air            0%         N/A       100%        3
 Tukima's Dance           Hex            0%         N/A       100%        3
 Vhi's Electric Charge    Tloc/Air       0%         N/A       100%        3
 Airstrike                Air            0%         2d(0-16)  100%        4
 Fulminant Prism          Conj/Hex       0%         3d5       100%        4
 Ice Form                 Ice/Tmut       0%         N/A       100%        4
 Summon Ice Beast         Ice/Summ       0%         N/A       100%        4
 Arcjolt                  Conj/Air       0%         1d10      100%        5
 Blade Hands              Tmut           0%         N/A       100%        5
 Maxwell's Capacitive Co  Air            0%         ∞         100%        8


Dungeon Overview and Level Annotations

Branches:
Dungeon (13/15)            Temple (0/1) D:7            Lair (0/5) D:10
    Orc (0/2) D:9
 Vaults: D:13-14

Altars:
Ashenzari
Elyvilon
Fedhas
Hepliaklqana
Makhleb
Uskayaw
Xom
Zin
The Shining One

Shops:
D:8 !

Annotations:
D:5 Sigmund
D:6 3 runed translucent doors, Maggie; adept's ghost, novice GrHu
D:9 Erica; Gastronok
D:11 Urug
D:13 exclusion: ice statue


Message History

The slime creature quivers. 2 slime creatures come into view.
The slime creature quivers. x2
A slime creature comes into view.
The slime creature quivers.
There is an open door here.
You hit the slime creature but do no damage.
Your weapon exudes an aura of protection.
Two slime creatures merge to form a large slime creature.
The slime creature hits you.
You impale the slime creature!!
The slime creature is moderately wounded.
You bludgeon the slime creature!!
The slime creature is severely wounded.
The slime creature hits you but does no damage.
You hit the slime creature.
The slime creature is severely wounded.
The slime creature closely misses you.
Two slime creatures merge to form a very large slime creature.
You puncture the slime creature!
The slime creature is almost dead.
The slime creature hits you!
You thump the slime creature!
You kill the slime creature!
Fedhas accepts your kill.
Press: ? - help, v - describe, . - travel The floor.
You puncture the very large slime creature!
The very large slime creature is lightly wounded.
The very large slime creature hits you!!!
You hear a roar!
A seven-headed hydra comes into view.
The very large slime creature hits you!!
* * * LOW HITPOINT WARNING * * *
You hear a shout!
A very large slime creature splits.
The slime creature attacks as you move away!
The slime creature hits you!
You die...
Fedhas appreciates your contribution to the ecosystem.

############################
......c....J@................
c...#...D..J...............#.
...........................#.
......######'#############...
#.... #........J.J..>... #...
.... #................. #.##
... #................. #...
.. ################## #### .
#######


You could see a seven-headed hydra, a large slime creature, a slime creature and
a centaur.

Vanquished Creatures
  3 two-headed ogres
  Pikel (D:5)
  A deep elf pyromancer (D:12)
  A manticore (D:13)
  A gargoyle (D:13)
  A komodo dragon (D:10)
  Grinder (D:5)
  3 trolls
  A slime creature (D:13)
  A shadow (D:12)
  5 yaks (D:11)
  2 wyverns
  A wraith (D:13)
  A steam dragon (D:8)
  7 vampire mosquitoes
  A water moccasin (D:7)
  An acid dragon (D:10)
  An ice beast (D:8)
  2 black bears (D:6)
  An orc warrior (D:9)
  A centaur (D:7)
  3 kobold brigands
  2 phantoms
  2 bullfrogs
  Blork the orc (D:5)
  3 scorpions
  4 wights (D:8)
  10 killer bees
  4 howler monkeys
  3 jellies (D:6)
  A hound (D:7)
  2 orc priests
  A gnoll bouda (D:8)
  3 orc wizards
  11 gnolls
  5 adders
  3 shadow imps
  An ufetubus (D:5)
  2 worms
  6 dart slugs
  6 orcs
  5 endoplasms
  2 giant cockroaches
  10 hobgoblins
  4 jackals (D:3)
  20 kobolds
  A quokka (D:1)
  3 ball pythons
  4 bats
  2 frilled lizards
  6 goblins
  8 rats
175 creatures vanquished.

Vanquished Creatures (others)
  A sleepcap (D:6)
  A quokka (D:11)
2 creatures vanquished.

Grand Total: 177 creatures vanquished

Notes
Turn   | Place    | Note
-------+----------+-------------------------------------------
     0 | D:1      | SuperDerp the Human Fighter began the quest for the Orb.
     0 | D:1      | Reached XP level 1. HP: 18/18 MP: 1/1
   111 | D:1      | Reached XP level 2. HP: 24/24 MP: 2/2
   283 | D:1      | Found a faded altar of an unknown god.
   643 | D:1      | Reached XP level 3. HP: 27/29 MP: 3/3
  1200 | D:2      | Reached XP level 4. HP: 33/35 MP: 4/4
  1603 | D:3      | Found a blossoming altar of Fedhas.
  1662 | D:3      | Identified the +9 sling of the Pits of Slime {freeze,
                  | Str+3}
  1896 | D:3      | Reached XP level 5. HP: 42/42 MP: 5/5
  2199 | D:3      | Became a worshipper of Fedhas Madash
  2377 | D:4      | Noticed a phantom
  2387 | D:4      | Killed a phantom
  2388 | D:4      | Reached skill level 1 in Maces & Flails
  2413 | D:4      | Reached skill level 4 in Fighting
  2413 | D:4      | Reached XP level 6. HP: 41/49 MP: 6/6
  2479 | D:4      | Noticed an ice beast
  2588 | D:4      | Upgraded the game from 0.30-a0-782-ge64f9170bb to
                  | 0.30-a0-918-g0ff054e9dc
  2814 | D:5      | Entered Level 5 of the Dungeon
  2957 | D:5      | Noticed Sigmund
  2975 | D:6      | Reached skill level 1 in Dodging
  2975 | D:6      | Reached skill level 1 in Invocations
  2978 | D:6      | Noticed an ogre
  3119 | D:5      | Noticed Grinder
  3139 | D:5      | Killed Grinder
  3140 | D:5      | Reached skill level 5 in Fighting
  3140 | D:5      | Reached XP level 7. HP: 27/56 MP: 7/7
  3318 | D:5      | Noticed Blork the orc
  3326 | D:5      | Killed Blork the orc
  3463 | D:6      | Reached XP level 8. HP: 46/64 MP: 8/8
  3465 | D:6      | Reached skill level 6 in Fighting
  3625 | D:6      | Noticed Pikel
  3653 | D:5      | Killed Pikel
  3654 | D:5      | Reached skill level 5 in Maces & Flails
  3738 | D:6      | Reached skill level 5 in Armour
  3738 | D:6      | Reached XP level 9. HP: 71/71 MP: 10/10
  3779 | D:6      | Noticed adept's ghost (novice GrHu)
  3785 | D:6      | Reached skill level 1 in Throwing
  3802 | D:6      | You are sucked into a shaft and drop 1 floor!
  3855 | D:7      | Reached skill level 7 in Fighting
  4035 | D:7      | Reached skill level 1 in Spellcasting
  4043 | D:7      | Found a staircase to the Ecumenical Temple.
  4148 | D:6      | Found a runed translucent gate.
  4148 | D:6      | Found a runed translucent gate.
  4149 | D:6      | Found a runed translucent gate.
  4159 | D:6      | Noticed Maggie
  4243 | D:6      | Reached * piety under Fedhas
  4402 | D:7      | Found a hazy altar of Hepliaklqana.
  4759 | D:7      | Reached skill level 1 in Evocations
  5074 | D:8      | Found Cinefiaj's Distillery.
  5083 | D:8      | Bought a potion of heal wounds for 80 gold pieces
  5083 | D:8      | Bought a potion of heal wounds for 80 gold pieces
  5267 | D:8      | Found a glowing golden altar of the Shining One.
  5276 | D:8      | Found a burning altar of Makhleb.
  5336 | D:8      | Found a broken altar of Ashenzari.
  5448 | D:8      | Reached ** piety under Fedhas
  5661 | D:8      | Found a shimmering altar of Xom.
  5723 | D:8      | Reached skill level 8 in Fighting
  6029 | D:8      | Reached XP level 10. HP: 79/80 MP: 11/11
  6160 | D:9      | Found a glowing silver altar of Zin.
  6161 | D:9      | Noticed a two-headed ogre
  6170 | D:9      | Noticed Erica
  6518 | D:9      | Found a staircase to the Orcish Mines.
  6546 | D:10     | Entered Level 10 of the Dungeon
  6829 | D:9      | Noticed Gastronok
  6885 | D:10     | Identified the +5 dagger "Trog's Indignation" {vamp, Str+3}
  6916 | D:10     | Noticed a two-headed ogre
  6927 | D:10     | Killed a two-headed ogre
  6928 | D:10     | Reached skill level 9 in Fighting
  6952 | D:10     | Found a staircase to the Lair.
  6991 | D:10     | Found a hide-covered altar of Uskayaw.
  7009 | D:10     | Reached skill level 5 in Evocations
  7193 | D:10     | Noticed a komodo dragon
  7202 | D:10     | Killed a komodo dragon
  7378 | D:10     | Noticed a two-headed ogre
  7386 | D:10     | Killed a two-headed ogre
  7387 | D:10     | Reached skill level 10 in Fighting
  7442 | D:11     | Reached *** piety under Fedhas
  7449 | D:11     | Reached XP level 11. HP: 43/91 MP: 12/12
  7942 | D:11     | Noticed a boulder beetle
  7959 | D:11     | Noticed a two-headed ogre
  8310 | D:11     | Found a white marble altar of Elyvilon.
  8333 | D:11     | Noticed a two-headed ogre
  8340 | D:11     | Killed a two-headed ogre
  8353 | D:11     | Noticed Urug
  8694 | D:12     | Noticed a deep elf pyromancer
  8699 | D:12     | Killed a deep elf pyromancer
  8699 | D:12     | Noticed a boulder beetle
  8700 | D:12     | Reached skill level 11 in Fighting
  9421 | D:13     | Noticed a manticore
  9436 | D:13     | Killed a manticore
  9850 | D:13     | Noticed a seven-headed hydra
  9857 | D:13     | Slain by a slime creature

Illustrated notes

Levels and vault maps discovered:
D:1:      dpeg_arrival_arbitrary_b, layout_basic,
          dilly_ecumenical_altar_fadedgnrine, chequers_hall_statues_y
D:2:      layout_rooms
D:3:      layout_basic, amcnicky_altar_gilded
D:4:      layout_gridville
D:5:      layout_loops_cross, nrook_pool_corridor,
          chequers_serial_rivers_micro_a, uniq_blork_the_orc, uniq_sigmund,
          uniq_grinder
D:6:      cheibrodos_quashed, layout_cave_pools, nemelex_spade_bored_becter,
          gammafunk_ghost_split, hangedman_decor_push, uniq_pikel, uniq_maggie
D:7:      layout_loops_ring, lemuel_doored_altar, minmay_temple_entry_large_hall
D:8:      layout_basic, ashenzari_altar_1, minitemple, kennysheep_mini_moat,
          serial_shops, nicolae_lakefront_shop, kennysheep_big_empty_room
D:9:      layout_basic, mainiacjoe_overflow_tiny_flanked,
          nicolae_ru_great_annihilating_truth, orc_0_dummy, serial_shops, shop,
          gammafunk_ghost_cemetery, minmay_misc_feat_columns, uniq_erica,
          uniq_gastronok, uniq_amaemon
D:10:     layout_cave_pools, nicolae_uskayaw_murder_on_the_dancefloor
D:11:     layout_layer_cave, elyvilon_altar_4, uniq_urug
D:12:     layout_rooms, special_room [special_room_bee]
D:13:     minmay_outward_triangles, layout_stronghold, minivault_16

Skill      XL: |  1  2  3  4  5  6  7  8  9 10 11 |
---------------+----------------------------------+-----
Maces & Flails | 2 3 4 5 6 |  6.4
Fighting       | 4 5 6 8 10 11 | 11.6
Armour         | 4 5 6 7 |  7.0
Shields        | 4 |  4.0
Dodging        | 2 3 |  3.0
Invocations    | 1 2 4 |  4.0
Throwing       | 2 3 |  3.8
Spellcasting   | 1 |  1.2
Evocations     | 3 6 7 |  7.0
Long Blades    | |  2.8

Action                     |  1- 3 |  4- 6 |  7- 9 | 10-12 || total
---------------------------+-------+-------+-------+-------++-------
  Melee: Long sword        |    84 |    45 |       |       ||   129
         Flail             |       |    89 |    86 |       ||   175
         Dire flail        |       |       |   154 |   265 ||   419
  Evoke: Wand              |       |       |       |    20 ||    20
         Lightning rod     |       |       |       |     6 ||     6
    Use: Scroll            |       |     5 |     4 |     7 ||    16
         Potion            |       |       |     1 |     2 ||     3
   Stab: Paralysed         |       |       |       |     1 ||     1
 Armour: Scale mail        |     4 |       |       |       ||     4
         Chain mail        |    50 |    35 |       |       ||    85
         Plate armour      |       |    67 |   169 |   275 ||   511
  Dodge: Dodged            |    29 |    42 |    79 |   294 ||   444
  Block: Buckler           |    13 |    31 |    32 |       ||    76

Table legend: (Time is in decaauts)
 A = Elapsed time spent in this place.
 B = Non-inter-level travel time spent in this place.
 C = Inter-level travel time spent in this place.
 D = Time resting spent in this place.
 E = Time spent auto-exploring this place.
 F = Levels seen in this place.
 G = Mean time per level.
                   A        B        C        D        E       F      G
               +--------+--------+--------+--------+--------+-----+--------+
         Total |   9945 |   9509 |    436 |   2401 |   3223 |  13 |  765.0 |
       Dungeon |   9945 |   9509 |    436 |   2401 |   3223 |  13 |  765.0 |
               +--------+--------+--------+--------+--------+-----+--------+

Top non-repeatable levels by time:
    D:10: 1076 daAuts
     D:8: 1073 daAuts
    D:13: 1060 daAuts
     D:7: 975 daAuts
     D:1: 886 daAuts
    D:11: 824 daAuts
     D:6: 719 daAuts
     D:3: 702 daAuts
     D:9: 683 daAuts
     D:2: 675 daAuts
     D:4: 612 daAuts
     D:5: 547 daAuts
    D:12: 108 daAuts
